AoeStats
← let me cook

MegaRandom

509770830Analyzed
3v3 RM · 3d ago on Sep 28, 2026· 40m 18s· 6 players
Game mode
Random Map
Map size
Normal (6 player)
Population
200
Speed
Normal
Resources
Standard
Victory
Conquest
Starting age
Dark Age
Ending age
Imperial Age
RankedLock teamsTeams togetherTeam positionsShared explorationLock speedFull tech treeHidden civsTurbo modeCheats
Victory
Defeat
🇺🇸 Koreans · United States
1347
+15
🇺🇸 Franks · United States
1309
+16
🇺🇸 Poles · United States
1307
+16
🇦🇷 Mongols · Argentina
1414
-19
🇲🇽 Persians · Mexico
1322
-16
🇲🇽 Franks · Mexico
1211
-12
QUE PASO NEGRO
1:21 Loom
12:18 Feudal Age
18:40 Wheelbarrow
17:53 Town Watch
20:52 Castle Age
19:24 Double-Bit Axe
20:35 Scale Barding Armor
20:42 Forging
21:37 Gold Mining
21:41 Stone Mining
23:01 Chain Barding Armor
22:32 Fletching
23:18 Iron Casting
31:21 Husbandry
39:23 Imperial Age
37:12 Hand Cart
39:33 Cavalier
CARAVEO
1:21 Loom
11:44 Feudal Age
13:44 Scale Barding Armor
17:46 Castle Age
17:22 Forging
17:11 Horse Collar
23:30 Wheelbarrow
24:15 Chain Barding Armor
25:11 Double-Bit Axe
27:32 Heavy Plow
32:34 Imperial Age
32:51 Bloodlines
33:51 Bow Saw
33:58 Kamandaran
34:02 Crossbowman
36:16 Chemistry
35:46 Ballistics
37:43 Fletching
38:16 Padded Archer Armor
39:34 Bodkin Arrow
Marcusscus
1:35 Loom
10:30 Feudal Age
15:06 Castle Age
13:33 Stone Mining
14:52 Double-Bit Axe
16:41 Bloodlines
16:30 Fletching
17:00 Horse Collar
26:00 Town Watch
31:47 Padded Archer Armor
33:49 Ballistics
38:32 Imperial Age
39:37 Conscription
40:13 Leather Archer Armor
39:53 Bodkin Arrow
39:40 Pikeman
40:21 Squires
40:07 Arson
let me cook
10:54 Loom
13:17 Feudal Age
14:39 Wheelbarrow
16:01 Gold Mining
16:00 Double-Bit Axe
19:08 Castle Age
17:24 Forging
18:03 Scale Barding Armor
20:01 Husbandry
21:39 Iron Casting
21:16 Town Watch
26:12 Stone Mining
26:57 Gold Shaft Mining
27:33 Hand Cart
27:53 Town Patrol
31:52 Imperial Age
33:48 Chain Barding Armor
33:53 Bow Saw
33:34 Cavalier
35:17 Blast Furnace
39:15 Paladin
40:38 Plate Barding Armor
Celestius
0:46 Loom
12:36 Feudal Age
14:47 Horse Collar
19:29 Castle Age
17:45 Fletching
19:45 Gold Mining
20:15 Bodkin Arrow
21:08 Crossbowman
25:15 Wheelbarrow
26:36 Gold Shaft Mining
26:58 Ballistics
27:16 Thumb Ring
26:33 Elite Skirmisher
33:23 Imperial Age
35:19 Bracer
35:49 Masonry
37:32 Heavy Plow
37:20 Double-Bit Axe
38:31 Arbalester
abyssquack
1:43 Loom
11:54 Feudal Age
13:12 Double-Bit Axe
13:25 Horse Collar
16:14 Castle Age
16:43 Bloodlines
16:59 Husbandry
17:27 Bow Saw
17:20 Heavy Plow
18:53 Wheelbarrow
21:01 Scale Barding Armor
21:17 Light Cavalry
22:59 Pikeman
25:14 Squires
26:00 Szlachta Privileges
27:01 Chain Barding Armor
27:25 Forging
28:08 Scale Mail Armor
30:01 Iron Casting
34:13 Imperial Age
31:59 Hand Cart
34:08 Arson
36:57 Blast Furnace
35:39 Capped Ram
37:20 Chain Mail Armor
38:00 Siege Ram
39:15 Conscription
40:11 Coinage
Connection lost

Rejoining the realm…

Still unreachable

The connection could not be restored.

Session expired

The server has moved on; the page needs a fresh start.